 Dungeon Crawl Stone Soup version 0.30-a0-930-gb9d0489357 (webtiles) character file.

Game seed: 7327722272488798966

267 sanka the Cudgeller (level 6, -1/70 HPs)
             Began as a Demonspawn Monk on Mar 24, 2023.
             Killed from afar by an orc wizard (5 damage)
             ... with a magic dart
             ... on level 4 of the Dungeon.
             The game lasted 00:05:20 (3425 turns).

sanka the Cudgeller (Demonspawn Monk)               Turns: 3425, Time: 00:05:21

Health: -1/70      AC:  8    Str: 19    XL:     6   Next: 0%
Magic:  6/6        EV: 13    Int: 12    God:
Gold:   224        SH:  0    Dex: 21    Spells: 5/5 levels left

rFire   . . .      SeeInvis .    a - +0 mace
rCold   + . .      Faith    .    (no shield)
rNeg    . . .      Spirit   .    j - +2 leather armour {rC+}
rPois   .          Reflect  .    (no helmet)
rElec   .          Rampage  .    (no cloak)
rCorr   .                        g - +0 pair of gloves
Will    .....                    (no boots) Stlth
                                 o - amulet of the acrobat
HPRegen 0.31/turn                n - +6 ring of strength
MPRegen 0.10/turn                p - +6 ring of dexterity

@: berserking, very quick
A: hooves 2, icy blue scales 1, demonic magic 1
a: no special abilities


You were on level 4 of the Dungeon.
You visited 1 branch of the dungeon, and saw 4 of its levels.

You collected 224 gold pieces.


Innate Abilities, Weirdness & Mutations

You have hoof-like feet.
You are partially covered in icy blue scales. (AC +2)
Spells you cast may paralyse adjacent enemies.


   Skills:
 - Level 3.0 Fighting
 + Level 6.2 Maces & Flails
 - Level 2.6 Dodging
 - Level 1.7 Stealth


You had 5 spell levels left.
You didn't know any spells.
Your spell library was empty.

Inventory:

Hand Weapons
 a - a +0 mace (weapon)
Armour
 g - a +0 pair of gloves (worn)
 j - a +2 leather armour of cold resistance (worn)
Jewellery
 n - a +6 ring of strength (left hand)
 o - an amulet of the acrobat (around neck)
 p - a +6 ring of dexterity (right hand)
Wands
 r - a wand of flame (17)
Scrolls
 b - a scroll of noise {unknown}
 d - 6 scrolls of identify {unknown}
 e - 3 scrolls of teleportation {unknown}
 h - a scroll of fear {unknown}
 k - a scroll of silence {unknown}
 l - 2 scrolls of amnesia {unknown}
 q - 2 scrolls of magic mapping {unknown}
 s - a scroll of immolation {unknown}
 u - a scroll of vulnerability {unknown}
Potions
 c - a potion of ambrosia
 f - 2 potions of mutation {!q}
 i - a potion of heal wounds {unknown}
 m - a potion of lignification {unknown}
 t - 2 potions of degeneration {unknown}
 v - a potion of berserk rage {!q}
 w - a potion of might {unknown}

Dungeon Overview and Level Annotations

Branches:
Dungeon (4/15)
 Temple: D:4-7

Altars:
Okawaru

Annotations:
D:3 Grinder

...............▒.▒▒.▒
.......▒......▒▒.▒▒.▒
....▒▒▒▒......▒▒.▒▒.▒
..............▒▒.▒▒.▒▒▒
....▒▒.▒..............▒
....................▒.▒▒▒▒▒▒
.......▒......▒▒.▒▒.▒......▒▒ ▒
.......▒.........{............▒
▒.....▒▒....▒.▒▒6▒▒..▒▒...▒▒..▒
......▒▒....▒.▒▒)▒▒..▒.....▒..▒
......▒▒................_.....▒
......▒▒.............▒.....▒..▒
.▒....▒..............▒▒...▒▒..▒
.▒▒.▒.........................▒
.▒▒.▒.▒..........▒▒▒▒......▒▒.▒
..............................▒
.▒▒.▒.▒.......▒▒..▒▒▒▒▒▒▒.....▒


There were no monsters in sight!


Message History

You kick something. Something hits you.
* * * LOW HITPOINT WARNING * * *
Something hits you but does no damage. Something completely misses you.
Something hits you.
* * * LOW HITPOINT WARNING * * *
It was a potion of mutation.
You feel extremely strange.
Your feet thicken and deform.
Something hits you but does no damage.
You hear some strange, mumbled words.
A puff of flame appears from out of thin air!
The puff of flame misses you.
It was a potion of berserk rage.
A red film seems to cover your vision as you go berserk!
You feel yourself moving faster!
You feel mighty! Something barely misses you.
Something hits you but does no damage.
You miss something. You kick something. You sock something!
Reactivating autopickup.
You feel a bit more experienced.
You hear some strange, mumbled words.
A magic dart appears from out of thin air!
Deactivating autopickup; reactivate with Ctrl-A.
The magic dart hits you.
You die...

Action                     |  1- 3 |  4- 6 || total
---------------------------+-------+-------++-------
  Melee: Mace              |   115 |   119 ||   234
         Kick              |    17 |    39 ||    56
         Punch             |       |     2 ||     2
    Use: Potion            |       |     2 ||     2
   Stab: Sleeping          |     3 |     5 ||     8
         Distracted        |       |     1 ||     1
 Armour: Robe              |    11 |       ||    11
         Leather armour    |    41 |    52 ||    93
  Dodge: Dodged            |   103 |    87 ||   190

Levels and vault maps discovered:
D:1:      wander_arrival_desolate, layout_loops_ring, basic_ecumenical_altar,
          kennysheep_crisscross, nrook_loot_triangle, amcnicky_mini_pool_small
D:2:      layout_rooms
D:3:      layout_basic, uniq_grinder, uniq_natasha
D:4:      layout_basic, okawaru_gym_becter

Notes
Turn   | Place    | Note
-------+----------+-------------------------------------------
     0 | D:1      | sanka the Demonspawn Monk began the quest for the Orb.
     0 | D:1      | Reached XP level 1. HP: 18/18 MP: 1/1
    38 | D:1      | Reached skill level 3 in Maces & Flails
   112 | D:1      | Gained mutation: You have large cloven feet. [demonic
                  | ancestry]
   112 | D:1      | Reached XP level 2. HP: 24/24 MP: 2/2
   561 | D:1      | Found a faded altar of an unknown god.
   723 | D:1      | Gained mutation: You are partially covered in icy blue
                  | scales. (AC +2) [demonic ancestry]
   723 | D:1      | Reached XP level 3. HP: 27/29 MP: 3/3
   830 | D:2      | Reached skill level 4 in Maces & Flails
  1156 | D:2      | Reached XP level 4. HP: 35/35 MP: 4/4
  1406 | D:3      | Noticed Natasha
  1412 | D:3      | Killed Natasha
  1424 | D:3      | Reached skill level 5 in Maces & Flails
  1483 | D:3      | Noticed Natasha
  1586 | D:3      | Killed Natasha
  1587 | D:3      | Reached XP level 5. HP: 17/41 MP: 5/5
  1811 | D:3      | Noticed Grinder
  2521 | D:3      | Noticed Natasha
  2525 | D:3      | Killed Natasha
  2799 | D:4      | Reached skill level 6 in Maces & Flails
  2980 | D:4      | Found an iron altar of Okawaru.
  3198 | D:4      | Gained mutation: Spells you cast may paralyse adjacent
                  | enemies. [demonic ancestry]
  3198 | D:4      | Reached XP level 6. HP: 11/47 MP: 6/6
  3421 | D:4      | HP: 4/47 [something (4)]
  3422 | D:4      | Gained mutation: You have hoof-like feet. [potion of
                  | mutation]
  3425 | D:4      | Killed from afar by an orc wizard

Vanquished Creatures
  A hound (D:4)
  A sleepcap (D:4)
  An iguana (D:3)
  Natasha (thrice) (D:3)
  An orc wizard (D:4)
  2 adders
  A worm (D:2)
  A dart slug (D:2)
  2 orcs (D:4)
  8 ball pythons
  15 endoplasms
  2 giant cockroaches
  3 hobgoblins
  7 jackals
  7 quokkas
  4 bats
  4 frilled lizards
  8 goblins
  3 kobolds
  6 rats
80 creatures vanquished.
